[Event "-chT Youth Countries 2019"]
[Site "Wuerzburg"]
[Date "2019.10.02"]
[Round "2.4"]
[White "Hommer, Jeremy"]
[Black "Lohvinov, Petro"]
[Result "1-0"]
[ECO "A45"]
[WhiteElo "2133"]
[BlackElo "2117"]
[Annotator "NA"]
[PlyCount "52"]
[EventDate "2019.10.02"]
[EventType "team-tourn"]
[EventRounds "7"]
[EventCountry "GER"]
[SourceTitle "playchess.com"]
[Source "ChessBase"]
[SourceQuality "1"]
[WhiteTeam "Niedersachsen"]
[BlackTeam "Bayern 1"]
[TimeControl "40/5400+30:1800+30"]

1. d4 Nf6 2. Bf4 g6 3. Nc3 d5 4. e3 Bg7 5. h4 c6 6. Nf3 Bg4 7. Be2 Bxf3 8. Bxf3 h5 9. Qd2 Nbd7 10. O-O-O b5 11. Rdg1 Nb6 12. g4 b4 13. Ne2 Nc4 14. Qd3 Qa5 15. Qb3 hxg4 16. Bg2 Nd7 17. h5 e5 18. dxe5 Nc5 19. Qxc4 dxc4 20. Bxc6+ Ke7 21. h6 Ne6 22. hxg7 Rxh1 23. Rxh1 Rg8 24. Nd4 Nxf4 25. exf4 Rd8 26. Be8 Qc5 {[%emt 0:00:00] normal} 1-0

[Event "-chT Youth Countries 2019"]
[Site "Wuerzburg"]
[Date "2019.10.02"]
[Round "2.4"]
[White "Lutz, Ruben"]
[Black "Ermitsch, Magnus"]
[Result "1-0"]
[ECO "A46"]
[WhiteElo "2112"]
[BlackElo "1671"]
[Annotator "NA"]
[PlyCount "61"]
[EventDate "2019.10.02"]
[EventType "team-tourn"]
[EventRounds "7"]
[EventCountry "GER"]
[SourceTitle "playchess.com"]
[Source "ChessBase"]
[SourceQuality "1"]
[WhiteTeam "Sachsen"]
[BlackTeam "Berlin"]
[TimeControl "40/5400+30:1800+30"]

1. d4 Nf6 2. Nf3 e6 3. Bf4 d5 4. e3 c5 5. c3 Nc6 6. Nbd2 Bd6 7. Bg3 O-O 8. Bd3 Re8 9. Ne5 Qc7 10. f4 Ne7 11. O-O Nf5 12. Bf2 c4 13. Bc2 Qe7 14. g4 a5 15. gxf5 exf5 16. Ba4 Rf8 17. Bh4 Qe6 18. Qe2 Ng4 19. Nxg4 fxg4 20. f5 Qh6 21. Bg3 Bxg3 22. hxg3 b5 23. Bc2 Re8 24. Rae1 b4 25. e4 bxc3 26. bxc3 Rb8 27. Rb1 Rxb1 28. Bxb1 dxe4 29. Nxe4 Bb7 30. Rf4 Bxe4 31. Bxe4 {[%emt 0:00:48] normal} 1-0

[Event "-chT Youth Countries 2019"]
[Site "Wuerzburg"]
[Date "2019.10.02"]
[Round "2.4"]
[White "Bakiev, Diyor"]
[Black "Post, Hugo"]
[Result "1/2-1/2"]
[ECO "B22"]
[WhiteElo "2088"]
[BlackElo "2204"]
[Annotator "NA"]
[PlyCount "66"]
[EventDate "2019.10.02"]
[EventType "team-tourn"]
[EventRounds "7"]
[EventCountry "GER"]
[SourceTitle "playchess.com"]
[Source "ChessBase"]
[SourceQuality "1"]
[WhiteTeam "Hessen"]
[BlackTeam "Sachsen-Anhalt"]
[TimeControl "40/5400+30:1800+30"]

1. e4 c5 2. c3 Nf6 3. e5 Nd5 4. d4 cxd4 5. Nf3 d6 6. cxd4 Nc6 7. Bc4 dxe5 8. dxe5 Ndb4 9. Qxd8+ Nxd8 10. Na3 Bg4 11. Nd4 Ndc6 12. Nxc6 Nxc6 13. f4 a6 14. O-O e6 15. Be3 h5 16. Rac1 h4 17. h3 Bf5 18. Rfd1 Be7 19. Be2 Be4 20. Nc4 O-O 21. Rd7 Rad8 22. Rcd1 Bd5 23. Rxd8 Rxd8 24. a3 Bxc4 25. Rxd8+ Bxd8 26. Bxc4 g5 27. fxg5 Nxe5 28. Be2 Be7 29. Kf2 Bd6 30. Bf4 Bc5+ 31. Be3 Bd6 32. Bf4 Bc5+ 33. Be3 Bd6 {[%emt 0:00:05] normal} 1/2-1/2

[Event "-chT Youth Countries 2019"]
[Site "Wuerzburg"]
[Date "2019.10.02"]
[Round "2.4"]
[White "Boder, Jan"]
[Black "Glinzner, Alva"]
[Result "1-0"]
[ECO "A01"]
[WhiteElo "2087"]
[BlackElo "1897"]
[Annotator "NA"]
[PlyCount "81"]
[EventDate "2019.10.02"]
[EventType "team-tourn"]
[EventRounds "7"]
[EventCountry "GER"]
[SourceTitle "playchess.com"]
[Source "ChessBase"]
[SourceQuality "1"]
[WhiteTeam "Rheinland-Pfalz"]
[BlackTeam "Schleswig-Holstein"]
[TimeControl "40/5400+30:1800+30"]

1. b3 e5 2. Bb2 d6 3. e3 g6 4. f4 Bg7 5. Nf3 Nc6 6. Bc4 Nh6 7. O-O O-O 8. fxe5 dxe5 9. e4 Na5 10. Be2 Qe7 11. Ba3 c5 12. Nc3 Be6 13. Rb1 Nc6 14. Nd5 Qd6 15. c4 f5 16. d3 Rfd8 17. Qe1 a5 18. Bc1 Nf7 19. Bd2 Ra6 20. a3 b6 21. b4 axb4 22. axb4 Nd4 23. bxc5 bxc5 24. Nxd4 exd4 25. Bf4 Be5 26. Bxe5 Qxe5 27. Bf3 Re8 28. Qc1 Bd7 29. Qd2 Rc6 30. exf5 Qxf5 31. Ne7+ Rxe7 32. Bxc6 Qg4 33. Bxd7 Qxd7 34. Qf4 Qc7 35. Rb8+ Kg7 36. Qf6+ Kh6 37. Rc8 Qa7 38. Rf8 Ne5 39. Qf4+ Kg7 40. Rg8+ Kxg8 41. Qf8# {normal} 1-0

[Event "-chT Youth Countries 2019"]
[Site "Wuerzburg"]
[Date "2019.10.02"]
[Round "2.4"]
[White "Gutkin, Ilya"]
[Black "Haenselmann, Hendrik"]
[Result "1-0"]
[ECO "A04"]
[WhiteElo "2047"]
[BlackElo "1732"]
[Annotator "NA"]
[PlyCount "115"]
[EventDate "2019.10.02"]
[EventType "team-tourn"]
[EventRounds "7"]
[EventCountry "GER"]
[SourceTitle "playchess.com"]
[Source "ChessBase"]
[SourceQuality "1"]
[WhiteTeam "Nordrhein-Westfalen"]
[BlackTeam "Baden 1"]
[TimeControl "40/5400+30:1800+30"]

1. Nf3 c5 2. b3 Nf6 3. c4 e6 4. Bb2 Be7 5. g3 b6 6. Bg2 Bb7 7. O-O d6 8. Nc3 Nbd7 9. d4 cxd4 10. Nxd4 Bxg2 11. Kxg2 Qc8 12. Qd2 a6 13. f3 O-O 14. e4 Qc7 15. Rac1 Rac8 16. Rfd1 Rfe8 17. Nc2 Nc5 18. Ne3 Qb7 19. Qe2 h6 20. Rd2 Rb8 21. Kg1 Rec8 22. Ncd1 Qc7 23. Nf2 Ncd7 24. Nd3 Ne5 25. Nxe5 dxe5 26. Rcd1 Bc5 27. Kg2 h5 28. Nc2 Bf8 29. Qe3 Be7 30. Qc3 Rd8 31. Qxe5 Qxe5 32. Bxe5 Rbc8 33. Rxd8+ Rxd8 34. Rxd8+ Bxd8 35. Nb4 a5 36. Nc6 Nd7 37. Bd6 Bg5 38. f4 Bh6 39. Nb8 Nc5 40. Bxc5 bxc5 41. Nd7 g5 42. Kf3 gxf4 43. gxf4 Bf8 44. Nxf8 Kxf8 45. Ke3 Ke7 46. Kd3 e5 47. f5 h4 48. a3 Kf6 49. b4 axb4 50. axb4 Kg5 51. b5 Kg4 52. b6 Kh3 53. b7 Kxh2 54. b8=Q f6 55. Ke2 h3 56. Kf2 Kh1 57. Qb1+ Kh2 58. Qg1# {normal} 1-0

[Event "-chT Youth Countries 2019"]
[Site "Wuerzburg"]
[Date "2019.10.02"]
[Round "2.4"]
[White "Amato, Cristiano"]
[Black "Jacoby, Angelina"]
[Result "1-0"]
[ECO "B01"]
[WhiteElo "1746"]
[BlackElo "1635"]
[Annotator "NA"]
[PlyCount "57"]
[EventDate "2019.10.02"]
[EventType "team-tourn"]
[EventRounds "7"]
[EventCountry "GER"]
[SourceTitle "playchess.com"]
[Source "ChessBase"]
[SourceQuality "1"]
[WhiteTeam "Baden 2"]
[BlackTeam "SG Brandenburg / Berlin"]
[TimeControl "40/5400+30:1800+30"]

1. e4 d5 2. exd5 Qxd5 3. Nc3 Qa5 4. Nf3 Nf6 5. d4 c6 6. Bd3 Bg4 7. Bf4 e6 8. O-O Qb6 9. Qd2 Bxf3 10. gxf3 Qxd4 11. Be3 Qe5 12. Kh1 Bd6 13. f4 Qh5 14. Be2 Ng4 15. Bxg4 Qxg4 16. f3 Qh3 17. Qxd6 Na6 18. Rad1 h6 19. Qd7+ Kf8 20. Qxb7 Rb8 21. Qxa6 g5 22. Bc5+ Kg8 23. Qxa7 Rc8 24. Qd7 Rb8 25. Bd4 Rh7 26. Bf6 Rf8 27. Ne4 c5 28. Nd6 c4 29. Nc8 {[%emt 0:00:11] normal} 1-0

[Event "-chT Youth Countries 2019"]
[Site "Wuerzburg"]
[Date "2019.10.02"]
[Round "2.4"]
[White "Muller, Magnus"]
[Black "Moeller, Hannah"]
[Result "1-0"]
[ECO "A45"]
[WhiteElo "1478"]
[BlackElo "1850"]
[Annotator "NA"]
[PlyCount "43"]
[EventDate "2019.10.02"]
[EventType "team-tourn"]
[EventRounds "7"]
[EventCountry "GER"]
[SourceTitle "playchess.com"]
[Source "ChessBase"]
[SourceQuality "1"]
[WhiteTeam "Thüringen"]
[BlackTeam "Bremen/Niedersachsen"]
[TimeControl "40/5400+30:1800+30"]

1. d4 Nf6 2. Bf4 g6 3. Nc3 Bg7 4. e4 d6 5. Qd2 h5 6. O-O-O c6 7. f3 b5 8. Qe1 Qb6 9. e5 dxe5 10. dxe5 Nh7 11. Ne4 O-O 12. g4 hxg4 13. h4 Nd7 14. Qg3 Nc5 15. Nxc5 Qxc5 16. Bd3 Rd8 17. fxg4 Qb4 18. h5 Bxg4 19. Nf3 gxh5 20. Bxh7+ Kxh7 21. Rxd8 Bxf3 22. Rg1 {[%emt 0:00:42] normal} 1-0

[Event "-chT Youth Countries 2019"]
[Site "Wuerzburg"]
[Date "2019.10.02"]
[Round "2.5"]
[White "Riddell, Joshua S."]
[Black "Nguyen, Ha Thanh"]
[Result "1/2-1/2"]
[ECO "B38"]
[WhiteElo "2130"]
[BlackElo "1998"]
[Annotator "NA"]
[PlyCount "41"]
[EventDate "2019.10.02"]
[EventType "team-tourn"]
[EventRounds "7"]
[EventCountry "GER"]
[SourceTitle "playchess.com"]
[Source "ChessBase"]
[SourceQuality "1"]
[WhiteTeam "Bremen/Niedersachsen"]
[BlackTeam "Thueringen"]
[TimeControl "40/5400+30:1800+30"]

1. e4 c5 2. Nf3 Nc6 3. d4 cxd4 4. Nxd4 g6 5. c4 Bg7 6. Be3 Nf6 7. Nc3 O-O 8. Be2 d6 9. O-O Bd7 10. f3 Nxd4 11. Bxd4 a5 12. Nd5 Nxd5 13. cxd5 Rc8 14. Bxg7 Kxg7 15. Qd4+ Kg8 16. Rac1 Rc7 17. Rc3 Rxc3 18. bxc3 Qc7 19. Rb1 Rc8 20. c4 Be8 21. Kf1 {[%emt 0:01:38] normal} 1/2-1/2

[Event "-chT Youth Countries 2019"]
[Site "Wuerzburg"]
[Date "2019.10.02"]
[Round "2.5"]
[White "Wang, Xinyuan"]
[Black "Bashylina, Luisa"]
[Result "1-0"]
[ECO "E83"]
[WhiteElo "2020"]
[BlackElo "1933"]
[Annotator "NA"]
[PlyCount "83"]
[EventDate "2019.10.02"]
[EventType "team-tourn"]
[EventRounds "7"]
[EventCountry "GER"]
[SourceTitle "playchess.com"]
[Source "ChessBase"]
[SourceQuality "1"]
[WhiteTeam "Baden 1"]
[BlackTeam "Nordrhein-Westfalen"]
[TimeControl "40/5400+30:1800+30"]

1. d4 Nf6 2. c4 g6 3. Nc3 Bg7 4. e4 d6 5. f3 O-O 6. Be3 Nc6 7. Bd3 e5 8. d5 Nb4 9. Bb1 Nh5 10. a3 Na6 11. Nge2 f5 12. exf5 gxf5 13. Qd2 Nc5 14. Bc2 a5 15. O-O-O Qh4 16. g4 Nf4 17. Nxf4 exf4 18. Qf2 Qxf2 19. Bxf2 Kh8 20. Nb5 Na6 21. Rde1 Be5 22. Bd4 Bxd4 23. Nxd4 fxg4 24. fxg4 f3 25. Rhf1 Bxg4 26. Re7 h5 27. h3 Bxh3 28. Rxf3 Bg4 29. Rg3 Rf1+ 30. Kd2 Rf4 31. Ke3 Rf1 32. Rh7+ Kg8 33. Rxh5 Re8+ 34. Ne6 Rf3+ 35. Rxf3 Bxh5 36. Rg3+ Kf7 37. Rg5 Rh8 38. Nf4 Re8+ 39. Kf2 Bd1 40. Bxd1 Re4 41. Rf5+ Ke7 42. Ng6+ {[%emt 0:02:18] normal Nb8} 1-0

[Event "-chT Youth Countries 2019"]
[Site "Wuerzburg"]
[Date "2019.10.02"]
[Round "2.5"]
[White "Farokhi, Keyvan"]
[Black "Reitz, Theresa"]
[Result "1-0"]
[ECO "A45"]
[WhiteElo "2018"]
[BlackElo "1935"]
[Annotator "NA"]
[PlyCount "44"]
[EventDate "2019.10.02"]
[EventType "team-tourn"]
[EventRounds "7"]
[EventCountry "GER"]
[SourceTitle "playchess.com"]
[Source "ChessBase"]
[SourceQuality "1"]
[WhiteTeam "Schleswig-Holstein"]
[BlackTeam "Rheinland-Pfalz"]
[TimeControl "40/5400+30:1800+30"]

1. d4 Nf6 2. Bf4 g6 3. Nc3 d5 4. e3 Bg7 5. h4 c5 6. Nb5 Na6 7. Nf3 Bd7 8. a4 O-O 9. Bd3 Nb4 10. Ne5 Nxd3+ 11. Qxd3 Bf5 12. Qe2 Qa5+ 13. c3 a6 14. Na3 Ne4 15. g4 Be6 16. f3 Nd6 17. h5 Rac8 18. hxg6 fxg6 19. Qh2 h5 20. Nxg6 cxd4 21. Qxh5 Rxf4 22. Nxf4 Bf8 {normal} 1-0

[Event "-chT Youth Countries 2019"]
[Site "Wuerzburg"]
[Date "2019.10.02"]
[Round "2.5"]
[White "Hetzner, Hannes"]
[Black "Moenster, Madita"]
[Result "0-1"]
[ECO "B94"]
[WhiteElo "1996"]
[BlackElo "1916"]
[Annotator "NA"]
[PlyCount "66"]
[EventDate "2019.10.02"]
[EventType "team-tourn"]
[EventRounds "7"]
[EventCountry "GER"]
[SourceTitle "playchess.com"]
[Source "ChessBase"]
[SourceQuality "1"]
[WhiteTeam "Bayern 1"]
[BlackTeam "Niedersachsen"]
[TimeControl "40/5400+30:1800+30"]

1. e4 c5 2. Nf3 d6 3. d4 cxd4 4. Nxd4 Nf6 5. Nc3 a6 6. Bg5 Nbd7 7. Qe2 h6 8. Bh4 g6 9. f4 e5 10. fxe5 dxe5 11. O-O-O Qc7 12. Nb3 b5 13. Nd5 Nxd5 14. exd5 Bd6 15. Qd2 Bb7 16. Kb1 Rc8 17. Bf2 Nf6 18. Bd3 Nxd5 19. c3 Be7 20. Qc2 Nf4 21. Bg3 Nxd3 22. Qxd3 Bf6 23. Rhe1 O-O 24. Qe3 Rfe8 25. Qxh6 b4 26. Rc1 Qe7 27. Rc2 bxc3 28. bxc3 Rc4 29. Na5 Bg5 30. Qh3 Bc8 31. Rxe5 Qd8 32. Nxc4 Bxh3 33. gxh3 Qd1+ {[%emt 0:00:47] normal} 0-1

[Event "-chT Youth Countries 2019"]
[Site "Wuerzburg"]
[Date "2019.10.02"]
[Round "2.5"]
[White "Kluehs, Gustaf"]
[Black "Arnhold, Steffi"]
[Result "0-1"]
[ECO "E56"]
[WhiteElo "1902"]
[BlackElo "2042"]
[Annotator "NA"]
[PlyCount "72"]
[EventDate "2019.10.02"]
[EventType "team-tourn"]
[EventRounds "7"]
[EventCountry "GER"]
[SourceTitle "playchess.com"]
[Source "ChessBase"]
[SourceQuality "1"]
[WhiteTeam "Berlin"]
[BlackTeam "Sachsen"]
[TimeControl "40/5400+30:1800+30"]

1. d4 Nf6 2. Nf3 d5 3. c4 e6 4. Nc3 Bb4 5. e3 O-O 6. Bd3 c5 7. O-O Nc6 8. dxc5 Bxc5 9. a3 a5 10. cxd5 exd5 11. Bd2 Re8 12. Nb5 Bg4 13. Bc3 Rc8 14. Rc1 Bb6 15. Be2 Ne4 16. Bd4 Bxf3 17. Bxf3 Nxd4 18. Nxd4 Rxc1 19. Qxc1 Bxd4 20. exd4 g6 21. Qf4 Qb6 22. Bxe4 Rxe4 23. Qb8+ Kg7 24. h4 h5 25. Rc1 Qxb2 26. Rc8 Qb1+ 27. Kh2 Rxh4+ 28. Kg3 Qe4 29. Rg8+ Kh6 30. Rh8+ Kg5 31. f4+ Qxf4+ 32. Qxf4+ Rxf4 33. Rb8 Rxd4 34. Rxb7 Rd3+ 35. Kh2 Rxa3 36. Rb5 Rd3 {[%emt 0:01:12] normal} 0-1

[Event "-chT Youth Countries 2019"]
[Site "Wuerzburg"]
[Date "2019.10.02"]
[Round "2.5"]
[White "Stockmann, Till"]
[Black "Haack, Kevin"]
[Result "1/2-1/2"]
[ECO "B90"]
[WhiteElo "1884"]
[BlackElo "2044"]
[Annotator "NA"]
[PlyCount "171"]
[EventDate "2019.10.02"]
[EventType "team-tourn"]
[EventRounds "7"]
[EventCountry "GER"]
[SourceTitle "playchess.com"]
[Source "ChessBase"]
[SourceQuality "1"]
[WhiteTeam "Sachsen-Anhalt"]
[BlackTeam "Hessen"]
[TimeControl "40/5400+30:1800+30"]

1. e4 c5 2. Nf3 d6 3. d4 cxd4 4. Nxd4 Nf6 5. Nc3 a6 6. Be3 e6 7. Bd3 b5 8. a3 Bb7 9. f4 Qc7 10. Qf3 Nbd7 11. g4 Nb6 12. g5 Nfd7 13. Qh3 g6 14. Rf1 e5 15. Nde2 exf4 16. Bd4 Ne5 17. Nxf4 Bg7 18. O-O-O Rc8 19. Kb1 h6 20. Bxe5 Bxe5 21. Nxg6 fxg6 22. Bxb5+ axb5 23. Qe6+ Qe7 24. Qxg6+ Kd8 25. Rf7 Qe8 26. gxh6 Rc7 27. Rxd6+ Bxd6 28. Qxd6+ Nd7 29. Nxb5 Rc6 30. Qf4 Rhxh6 31. e5 Rh5 32. Nd6 Rxd6 33. exd6 Qe1+ 34. Qc1 Qxc1+ 35. Kxc1 Rxh2 36. b4 Be4 37. Rf4 Rxc2+ 38. Kd1 Bg6 39. Rg4 Bh5 40. Kxc2 Bxg4 41. Kc3 Nb6 42. Kd4 Kd7 43. Kc5 Na4+ 44. Kd5 Be6+ 45. Ke5 Nb6 46. Kd4 Kxd6 47. Ke4 Kc6 48. Ke5 Bg8 49. Kd4 Kb5 50. Ke4 Nc4 51. Kd4 Nxa3 52. Ke5 Kxb4 53. Kd4 Nc4 54. Ke4 Be6 55. Kd4 Bd7 56. Kd5 Kb5 57. Ke4 Kc5 58. Kf4 Kd4 59. Kg5 Ke5 60. Kg6 Nd6 61. Kg5 Bf5 62. Kh6 Kf6 63. Kh5 Be6 64. Kh4 Ne4 65. Kh5 Kf5 66. Kh6 Nf6 67. Kg7 Nd7 68. Kh8 Kf6 69. Kh7 Nf8+ 70. Kh8 Ng6+ 71. Kh7 Bc4 72. Kh6 Bg8 73. Kh5 Ne5 74. Kh4 Bf7 75. Kg3 Ng6 76. Kf3 Be6 77. Ke4 Ke7 78. Kd4 Kd6 79. Ke4 Kc5 80. Kd3 Kb4 81. Kd4 Kb5 82. Kd3 Ka4 83. Ke4 Kb3 84. Kd4 Kb4 85. Kd3 Kc5 86. Ke4 {normal} 1/2-1/2

[Event "-chT Youth Countries 2019"]
[Site "Wuerzburg"]
[Date "2019.10.02"]
[Round "2.5"]
[White "Schiewe, Nadin"]
[Black "Grining, Maria"]
[Result "1/2-1/2"]
[ECO "D05"]
[WhiteElo "1593"]
[BlackElo "1801"]
[Annotator "NA"]
[PlyCount "123"]
[EventDate "2019.10.02"]
[EventType "team-tourn"]
[EventRounds "7"]
[EventCountry "GER"]
[SourceTitle "playchess.com"]
[Source "ChessBase"]
[SourceQuality "1"]
[WhiteTeam "SG Brandenburg / Berlin"]
[BlackTeam "Baden 2"]
[TimeControl "40/5400+30:1800+30"]

1. d4 d5 2. Nf3 Nf6 3. e3 e6 4. Bd3 c5 5. c3 Nc6 6. Nbd2 Bd6 7. O-O Qc7 8. Qe2 O-O 9. dxc5 Bxc5 10. e4 e5 11. exd5 Nxd5 12. Bxh7+ Kxh7 13. Qe4+ Kg8 14. Qxd5 Be7 15. Re1 Be6 16. Qb5 Rad8 17. Nxe5 Rd5 18. Qa4 Rxe5 19. Rxe5 Qxe5 20. Nf3 Qh5 21. Be3 Bd5 22. Qf4 Rd8 23. h3 Bd6 24. Qg4 Bxf3 25. gxf3 Qe5 26. f4 Qb5 27. b3 Bc5 28. Qg5 b6 29. b4 Rd6 30. Kh2 Rg6 31. Qh5 Nxb4 32. cxb4 Qc6 33. Rg1 Rxg1 34. Kxg1 Bxb4 35. Qe5 Bd6 36. Qg5 Bc5 37. Qd8+ Kh7 38. Bxc5 bxc5 39. Qe7 c4 40. Qxf7 Qg6+ 41. Qxg6+ Kxg6 42. Kf1 Kf5 43. Ke2 Kxf4 44. a4 Ke4 45. a5 c3 46. h4 c2 47. Kd2 Kf3 48. Kxc2 Kxf2 49. Kb3 Kg3 50. h5 Kg4 51. Kb4 Kxh5 52. Kb5 g5 53. Ka6 g4 54. Kxa7 g3 55. Kb7 g2 56. a6 g1=Q 57. a7 Qb1+ 58. Ka8 Qa2 59. Kb7 Qb3+ 60. Ka8 Qa3 61. Kb7 Qb4+ 62. Ka8 {[%emt 0:00:00] normal} 1/2-1/2

[Event "-chT Youth Countries 2019"]
[Site "Wuerzburg"]
[Date "2019.10.02"]
[Round "2.5"]
[White "Unbehend, Marius"]
[Black "Khamenya, Vitalia"]
[Result "0-1"]
[ECO "C54"]
[WhiteElo "1461"]
[BlackElo "1908"]
[Annotator "NA"]
[PlyCount "83"]
[EventDate "2019.10.02"]
[EventType "team-tourn"]
[EventRounds "7"]
[EventCountry "GER"]
[SourceTitle "playchess.com"]
[Source "ChessBase"]
[SourceQuality "1"]
[WhiteTeam "Saarland"]
[BlackTeam "Bayern 2"]
[TimeControl "40/5400+30:1800+30"]

1. e4 e5 2. Nf3 Nc6 3. Bc4 Bc5 4. c3 Nf6 5. d3 d6 6. O-O a6 7. b4 Ba7 8. a4 O-O 9. Na3 Ne7 10. Bg5 Ng6 11. Nc2 h6 12. Be3 d5 13. exd5 Nxd5 14. Bxd5 Qxd5 15. Bxa7 Rxa7 16. Ne3 Qc6 17. Qc2 Re8 18. Rfe1 Nf4 19. Rad1 Bh3 20. d4 Nxg2 21. Nxe5 Nxe1 22. Nxc6 Nxc2 23. Nxa7 Nxe3 24. Re1 Ra8 25. Rxe3 Be6 26. d5 Bxd5 27. Re7 Rxa7 28. Rxc7 Ra8 29. Kf1 Bc6 30. Ke1 Bxa4 31. Rxb7 Rc8 32. Kd2 Bb5 33. Re7 Re8 34. Rxe8+ Bxe8 35. Kd3 Kf8 36. Kd4 Ke7 37. Kc5 Kd8 38. Kd6 Bb5 39. f3 g5 40. Kd5 Kd7 41. Ke5 Ke7 42. Kd4 {normal} 0-1

[Event "-chT Youth Countries 2019"]
[Site "Wuerzburg"]
[Date "2019.10.02"]
[Round "2.6"]
[White "Yaghi, Rita"]
[Black "Dietz, Kristin"]
[Result "1/2-1/2"]
[ECO "B42"]
[WhiteElo "1973"]
[BlackElo "1948"]
[Annotator "NA"]
[PlyCount "88"]
[EventDate "2019.10.02"]
[EventType "team-tourn"]
[EventRounds "7"]
[EventCountry "GER"]
[SourceTitle "playchess.com"]
[Source "ChessBase"]
[SourceQuality "1"]
[WhiteTeam "Hessen"]
[BlackTeam "Sachsen-Anhalt"]
[TimeControl "40/5400+30:1800+30"]

1. e4 c5 2. Nf3 e6 3. d4 cxd4 4. Nxd4 a6 5. Bd3 Nf6 6. Qe2 d6 7. O-O Qc7 8. c4 g6 9. f4 Bg7 10. Nf3 Nc6 11. Nc3 O-O 12. Kh1 b6 13. Bd2 Bb7 14. Rac1 Rfd8 15. Nd5 exd5 16. cxd5 Qd7 17. dxc6 Bxc6 18. e5 Bxf3 19. Rxf3 dxe5 20. fxe5 Ng4 21. Bc3 Re8 22. Be4 Rad8 23. Rcf1 Nxe5 24. Bxe5 Rxe5 25. Rd3 Qxd3 26. Qxd3 Rxd3 27. Bxd3 b5 28. b3 Kf8 29. g3 Ke7 30. Kg2 f5 31. Rc1 Kd7 32. Rc2 a5 33. Be2 b4 34. Bf3 Bh6 35. Bc6+ Kd6 36. Bf3 Kd7 37. Bc6+ Kd6 38. Bf3 Rc5 39. Re2 Bg7 40. Bb7 Bc3 41. Kf2 Rc7 42. Ba6 Kc5 43. Bc4 Kd4 44. Re3 Kc5 {[%emt 0:00:00] normal} 1/2-1/2

[Event "-chT Youth Countries 2019"]
[Site "Wuerzburg"]
[Date "2019.10.02"]
[Round "2.6"]
[White "Muedder, Melanie"]
[Black "Schulz, Hannah"]
[Result "0-1"]
[ECO "B15"]
[WhiteElo "1964"]
[BlackElo "1554"]
[Annotator "NA"]
[PlyCount "118"]
[EventDate "2019.10.02"]
[EventType "team-tourn"]
[EventRounds "7"]
[EventCountry "GER"]
[SourceTitle "playchess.com"]
[Source "ChessBase"]
[SourceQuality "1"]
[WhiteTeam "Nordrhein-Westfalen"]
[BlackTeam "Baden 1"]
[TimeControl "40/5400+30:1800+30"]

1. e4 c6 2. d4 d5 3. Nc3 dxe4 4. Nxe4 Nf6 5. Nxf6+ exf6 6. Bc4 Bd6 7. Ne2 O-O 8. O-O Nd7 9. c3 Nb6 10. Bd3 Be6 11. Qc2 h5 12. c4 Bc7 13. b3 Qb8 14. h4 a5 15. Bb2 Nd7 16. Rac1 Rc8 17. Qd2 Nb6 18. Bb1 a4 19. Qd3 g6 20. Qd2 axb3 21. axb3 Kg7 22. Qc3 Bg4 23. f3 Bd7 24. f4 Re8 25. Rce1 Bg4 26. d5 Qd8 27. Nd4 Rxe1 28. Qxe1 cxd5 29. c5 Nd7 30. b4 Nb8 31. Nb5 Nc6 32. Nxc7 Qxc7 33. Qc3 d4 34. Qd2 Ra4 35. b5 Ne7 36. Bxd4 Qd7 37. Bc3 Qxb5 38. Qd6 Ng8 39. f5 Ra6 40. Qd4 Rc6 41. Bb4 Nh6 42. fxg6 fxg6 43. Bd3 Qa4 44. Be4 Re6 45. Bxb7 Nf5 46. Qb2 Ne3 47. Ra1 Qb5 48. Ba3 Qd3 49. Ba8 Re7 50. c6 Nc4 51. Qb4 Qd4+ 52. Kh2 Qe5+ 53. g3 Qe2+ 54. Kg1 Qe3+ 55. Kg2 Bf3+ 56. Kh3 Bg4+ 57. Kg2 Qf3+ 58. Kh2 Qf2+ 59. Kh1 Bf3# {normal} 0-1

[Event "-chT Youth Countries 2019"]
[Site "Wuerzburg"]
[Date "2019.10.02"]
[Round "2.6"]
[White "Brunner, Sophia"]
[Black "Costa, Leonardo"]
[Result "1/2-1/2"]
[ECO "D02"]
[WhiteElo "1935"]
[BlackElo "1959"]
[Annotator "NA"]
[PlyCount "95"]
[EventDate "2019.10.02"]
[EventType "team-tourn"]
[EventRounds "7"]
[EventCountry "GER"]
[SourceTitle "playchess.com"]
[Source "ChessBase"]
[SourceQuality "1"]
[WhiteTeam "Niedersachsen"]
[BlackTeam "Bayern 1"]
[TimeControl "40/5400+30:1800+30"]

1. d4 d5 2. Nf3 e6 3. g3 Nf6 4. Bg2 Be7 5. O-O O-O 6. c4 dxc4 7. Ne5 Nc6 8. Bxc6 bxc6 9. Nxc6 Qe8 10. Nxe7+ Qxe7 11. Qa4 Bb7 12. Qxc4 Rfd8 13. Nc3 Nd5 14. Nxd5 Bxd5 15. Qc3 Rab8 16. Bf4 Qb4 17. Qxb4 Rxb4 18. b3 Rxd4 19. Bxc7 Rc8 20. Bf4 Bb7 21. Rfd1 Rdd8 22. Rxd8+ Rxd8 23. Kf1 Kf8 24. Rc1 Rc8 25. Rxc8+ Bxc8 26. Ke1 Ke8 27. Kd2 Kd7 28. Be3 a6 29. Kc3 Kc6 30. Kb4 Kd5 31. Ka5 Kc6 32. a4 Bb7 33. b4 e5 34. b5+ axb5 35. axb5+ Kc7 36. Kb4 f6 37. Kc5 g6 38. Bh6 f5 39. Bg7 e4 40. Be5+ Kd7 41. Bd6 Ba8 42. Bf8 Bb7 43. Kd4 Ke6 44. Bb4 Ba8 45. Kc5 Kd7 46. Kb6 Bd5 47. Kc5 Ba8 48. Kd4 {[%emt 0:00:00] normal} 1/2-1/2

[Event "-chT Youth Countries 2019"]
[Site "Wuerzburg"]
[Date "2019.10.02"]
[Round "2.6"]
[White "Reuter, Elisa"]
[Black "Sinnhoefer, Lilian"]
[Result "1-0"]
[ECO "C54"]
[WhiteElo "1873"]
[BlackElo "1428"]
[Annotator "NA"]
[PlyCount "89"]
[EventDate "2019.10.02"]
[EventType "team-tourn"]
[EventRounds "7"]
[EventCountry "GER"]
[SourceTitle "playchess.com"]
[Source "ChessBase"]
[SourceQuality "1"]
[WhiteTeam "Thueringen"]
[BlackTeam "Bremen/Niedersachsen"]
[TimeControl "40/5400+30:1800+30"]

1. e4 e5 2. Nf3 Nc6 3. Bc4 Bc5 4. c3 Nf6 5. d3 a6 6. Nbd2 Ba7 7. Bb3 h6 8. h3 O-O 9. O-O d6 10. Re1 Nh5 11. Nf1 Qf6 12. Be3 Nf4 13. Ng3 Be6 14. Bxf4 exf4 15. Nh5 Qg6 16. Nxf4 Qg3 17. Qd2 Bxf2+ 18. Qxf2 Qxf4 19. Bc2 Ne5 20. Nd4 Qg5 21. Re3 c5 22. Nf5 Bxf5 23. exf5 Qf6 24. Bb3 Nc6 25. Rae1 Rad8 26. Bd5 Na5 27. Re7 Rb8 28. R7e4 Nc6 29. R1e3 Kh8 30. h4 Ne5 31. Rh3 b5 32. g4 g6 33. Rf4 gxf5 34. Rxf5 Qg6 35. g5 Ng4 36. Qf4 Ne5 37. d4 cxd4 38. cxd4 Nc4 39. Rf6 Qb1+ 40. Kh2 Qxb2+ 41. Bg2 Ne5 42. Rxh6+ Kg8 43. dxe5 Rbc8 44. Qf6 Qxe5+ 45. Rg3 {[%emt 0:00:00] normal} 1-0